 Dungeon Crawl Stone Soup version 0.28-b1-78-gc65acfa365 (webtiles) character file.

Game seed: 1895885631935705165

113 Descartes the Magician (level 4, -1/25 HPs)
             Began as a Deep Elf Wanderer on Feb 4, 2022.
             Was a Follower of Vehumet.
             Killed by divine providence
             ... invoked by an orc priest
              (12 damage)
             ... on level 3 of the Dungeon.
             The game lasted 00:05:05 (2814 turns).

Descartes the Magician (Deep Elf Wanderer)          Turns: 2814, Time: 00:05:06

Health: -1/25      AC:  2    Str:  9    XL:     4   Next: 65%
Magic:  6/13       EV: 11    Int: 19    God:    Vehumet [*.....]
Gold:   45         SH:  0    Dex: 14    Spells: 2/13 levels left

rFire   . . .      SeeInvis .   a - +0 dagger
rCold   . . .      Faith    .   (no shield)
rNeg    . . .      Spirit   .   b - +0 robe
rPois   .          Reflect  .   (no helmet)
rElec   .          Harm     .   (no cloak)
rCorr   .          Rampage  .   (no gloves)
Will    .....                   (no boots)
Stlth   ++........              (no amulet)
HPRegen 0.08/turn               (no ring)
MPRegen 0.13/turn               (no ring)

@: no status effects
A: no striking features
a: Renounce Religion


You were on level 3 of the Dungeon.
You worshipped Vehumet.
Vehumet was aware of your devotion.
You visited 1 branch of the dungeon, and saw 3 of its levels.

You collected 45 gold pieces.

Inventory:

Hand Weapons
 a - a +0 dagger (weapon)
Missiles
 f - 41 stones
 g - 6 boomerangs
Armour
 b - a +0 robe (worn)
Wands
 h - a wand of charming (7)
Scrolls
 e - a scroll of summoning {unknown}
 i - a scroll of enchant armour {unknown}
 j - a scroll of fear {unknown}
Potions
 c - a potion of flight {unknown}
 d - a potion of degeneration {unknown}
 k - a potion of heal wounds {unknown}
 l - a potion of attraction {unknown}


   Skills:
 - Level 1.0 Fighting
 - Level 1.0 Throwing
 - Level 1.2 Stealth
 - Level 5.0 Spellcasting
 + Level 4.2 Conjurations
 - Level 1.2 Necromancy
 + Level 2.3 Fire Magic
 + Level 2.3 Earth Magic


You had 2 spell levels left.
You knew the following spells:

 Your Spells              Type           Power      Damage    Failure   Level
a - Magic Dart            Conj           80%        1d7       2%          1
b - Sandblast             Erth           26%        2d8       4%          1
c - Flame Wave            Conj/Fire      17%        2d6       32%         4
d - Stone Arrow           Conj/Erth      34%        3d9       10%         3
e - Passwall              Tmut/Erth      7%         N/A       12%         2

Your spell library contained the following spells:

 Spells                   Type           Power      Damage    Failure   Level
 Sublimation of Blood     Necr           9%         N/A       12%         2
 Corpse Rot               Necr/Air       14%        N/A       14%         2
 Ensorcelled Hibernation  Hex/Ice        8%         N/A       19%         2
 Swiftness                Air            4%         N/A       36%         3


Dungeon Overview and Level Annotations

Branches:
Dungeon (3/15)

Altars:
Vehumet


Message History

The orc priest begins to cast a cantrip, but forgets the words!
You hear a shout!
Casting: Magic Dart (safe; 2% risk of failure)
Confirm with . or Enter, or press ? or * to list all spells.
Aiming: Magic Dart (safe; 2% risk of failure)
Press: ? - help, Shift-Dir - straight line, f/p - orc
Aim: an orc, wielding a +0 club and wearing a +0 ring mail (severely wounded, 100% to hit)
The magic dart hits the orc but does no damage.
The orc is severely wounded.
Casting: Magic Dart (safe; 2% risk of failure)
Confirm with . or Enter, or press ? or * to list all spells.
Aiming: Sandblast (safe; 4% risk of failure)
Press: ? - help, Shift-Dir - straight line, f/p - orc
Aim: an orc, wielding a +0 club and wearing a +0 ring mail (severely wounded, 82% to hit)
The blast of sand hits the orc!
You kill the orc!
Vehumet accepts your kill.
f - 41 stones An orc comes into view. It is wielding a +0 club.
Casting: Sandblast (safe; 4% risk of failure)
Confirm with . or Enter, or press ? or * to list all spells.
Aiming: Magic Dart (safe; 2% risk of failure)
Press: ? - help, Shift-Dir - straight line, f - orc priest
Aim: an orc priest, wielding a +0 flail (100% to hit)
The magic dart hits the orc priest but does no damage.
The orc priest invokes the aid of Beogh against you.
Pain shoots through your body!
Casting: Magic Dart (safe; 2% risk of failure)
Confirm with . or Enter, or press ? or * to list all spells.
Aiming: Magic Dart (safe; 2% risk of failure)
Press: ? - help, Shift-Dir - straight line, f/p - orc priest
Aim: an orc priest, wielding a +0 flail (100% to hit)
The magic dart hits the orc priest.
The orc priest is lightly wounded.
An orc comes into view. It is wielding a +0 club.
The orc priest invokes the aid of Beogh against you.
Pain shoots through your body!
The orc priest calls down the wrath of Beogh upon you.
Beogh smites you!
You die...

### ..# #.# #
#.#####..
####..o.....
########....o.....#
#......@.....)o.#
#.#.##.#.####...#
#.#.# ### #<#.#
#.#.# #.#.# #....
#...# #...


You could see an orc priest and 2 orcs.

Vanquished Creatures
  6 adders (D:2)
  A dart slug (D:2)
  An orc (D:3)
  5 bats
  5 endoplasms
  2 giant cockroaches (D:1)
  5 goblins
  5 hobgoblins
  4 jackals (D:1)
  3 quokkas
  2 ball pythons
  4 frilled lizards (D:2)
  6 kobolds
  3 rats
52 creatures vanquished.

Notes
Turn   | Place    | Note
-------+----------+-------------------------------------------
     0 | D:1      | Descartes the Deep Elf Wanderer began the quest for the
                  | Orb.
     0 | D:1      | Descartes set off with the following items: a +0 dagger, a
                  | +0 robe, a scroll of teleportation; and the following spell
                  | memorised: Magic Dart; and the following spells available
                  | to memorise: Sublimation of Blood, Corpse Rot, Stone Arrow,
                  | Flame Wave
     0 | D:1      | Reached XP level 1. HP: 12/12 MP: 7/7
   177 | D:1      | Reached XP level 2. HP: 16/16 MP: 6/9
   562 | D:1      | Reached skill level 1 in Fire Magic
   562 | D:1      | Reached skill level 1 in Earth Magic
   692 | D:1      | Found a faded altar of an unknown god.
   743 | D:1      | Prayed at the altar of an unknown god.
   743 | D:1      | Became a worshipper of Vehumet
   743 | D:1      | Reached * piety under Vehumet
   743 | D:1      | Offered knowledge of Sandblast by Vehumet.
   746 | D:1      | Learned a level 1 spell: Sandblast
  1276 | D:2      | Reached XP level 3. HP: 20/20 MP: 9/11
  1385 | D:2      | Reached skill level 5 in Spellcasting
  1557 | D:2      | Reached XP level 4. HP: 14/25 MP: 5/13
  1874 | D:2      | HP: 1/25 [poisoned by an adder]
  2535 | D:2      | Learned a level 4 spell: Flame Wave
  2539 | D:2      | Learned a level 3 spell: Stone Arrow
  2542 | D:2      | Learned a level 2 spell: Passwall
  2814 | D:3      | Killed from afar by an orc priest

Illustrated notes

Levels and vault maps discovered:
D:1:      wander_arrival_peaceful_grave, layout_loops_ring,
          hellmonk_ecumenical_altar_run_dry
D:2:      minmay_chambers_of_ones, layout_basic
D:3:      layout_loops_ring, gammafunk_ghost_cemetery, minmay_misc_feat_cross,
          uniq_crazy_yiuf_cottage

Skill      XL: |  1  2  3  4 |
---------------+-------------+-----
Fire Magic     | 1 2 |  2.3
Earth Magic    | 1 2 |  2.3
Spellcasting   | 5 |  5.0
Conjurations   | 4 |  4.2
Fighting       | |  1.0
Throwing       | |  1.0
Stealth        | |  1.2
Necromancy     | |  1.2

Action                   |  1- 3 |  4- 6 || total
-------------------------+-------+-------++-------
Melee: Dagger            |     6 |       ||     6
 Cast: Magic Dart        |    78 |    44 ||   122
       Sandblast         |       |     4 ||     4
  Use: Scroll            |     2 |       ||     2
 Stab: Sleeping          |     1 |       ||     1
Armor: Robe              |     2 |     1 ||     3
Dodge: Dodged            |    16 |     6 ||    22
